 Dungeon Crawl Stone Soup version 0.30.1-11-g7821555f0a (webtiles) character file.

Game seed: 6161145820511067787

12315 Wiggles the Severer (level 11, -3/101 HPs)
             Began as a Minotaur Berserker on Oct 30, 2023.
             Was a High Priest of Trog.
             Shot with an arrow by a centaur warrior (22 damage)
             ... on level 10 of the Dungeon.
             The game lasted 00:19:12 (12038 turns).

Wiggles the Severer (Minotaur Berserker)           Turns: 12038, Time: 00:19:13

Health: -3/101     AC: 16    Str: 26    XL:     11   Next: 60%
Magic:  10/10      EV: 23    Int:  4    God:    Trog [*****.]
Gold:   574        SH: 11    Dex: 16    Spells: 10/10 levels left

rFire   . . .        I - +0 war axe
rCold   . . .        D - +0 kite shield
rNeg    . . .        f - +0 plate armour
rPois   .            (helmet restricted)
rElec   .            (no cloak)
rCorr   .            y - +0 pair of gloves
SInv    .            (no boots)
Will    .....        F - amulet of the acrobat Stlth
                     m - +6 ring of dexterity
HPRegen 0.36/turn    (no ring)
MPRegen 0.12/turn

%: acrobat
@: on berserk cooldown, acrobatic, slowed, very slow
A: horns 2, retaliatory headbutt
a: Renounce Religion, Berserk, Trog's Hand, Brothers in Arms


You were on level 10 of the Dungeon.
You worshipped Trog.
Trog was extremely pleased with you.
You visited 1 branch of the dungeon, and saw 13 of its levels.
You also visited: Sewer and Ossuary.

You collected 718 gold pieces.
You spent 144 gold pieces at shops.

Inventory:

Hand Weapons
 I - a +0 war axe (weapon)
Missiles
 h - 2 throwing nets (quivered)
Armour
 f - a +0 plate armour (worn)
 y - a +0 pair of gloves (worn)
 D - a +0 kite shield (worn)
Jewellery
 a - a ring of ice
 m - a +6 ring of dexterity (left hand)
 F - an amulet of the acrobat (around neck)
 J - a ring of protection from cold
 M - a ring of ice
Wands
 u - a wand of digging (10)
 v - a wand of light (3)
 x - a wand of iceblast (9)
 C - a wand of polymorph (7)
 H - a wand of paralysis (5)
 K - a wand of mindburst (18)
Scrolls
 e - 2 scrolls of amnesia
 j - 5 scrolls of fog
 k - 7 scrolls of noise
 l - 4 scrolls of teleportation
 n - 2 scrolls of blinking
 o - 2 scrolls of fear
 r - 3 scrolls of magic mapping
 s - a scroll of enchant weapon
 L - 2 scrolls of identify
Potions
 b - 11 potions of curing
 c - 2 potions of attraction
 d - 2 potions of berserk rage
 g - a potion of heal wounds {unknown}
 i - 2 potions of resistance {unknown}
 p - 3 potions of lignification
 q - 2 potions of flight
 t - 4 potions of mutation
 w - 3 potions of invisibility
 z - 4 potions of magic
 A - a potion of might {unknown}
 B - 5 potions of haste
 E - a potion of ambrosia {unknown}
 G - a potion of brilliance {unknown}


   Skills:
 + Level 10.7 Fighting
 + Level 15.0 Axes
 + Level 10.5 Armour
 + Level 3.4 Dodging
 + Level 1.1 Stealth
 + Level 7.9 Shields


You had 10 spell levels left.
You didn't know any spells.
Your spell library was empty.

Dungeon Overview and Level Annotations

Branches:
Dungeon (13/15)            Temple (0/1) D:4            Lair (0/5) D:10
    Orc (0/2) D:9           Sewer (visited)         Ossuary (visited)
 Vaults: D:13-14

Altars:
Ashenzari
Dithmenos
Makhleb
Nemelex Xobeh
Qazlal
Ru
Trog
Uskayaw
Yredelemnul
Zin
The Shining One

Shops:
D:5 :[   D:6 *   D:8 *


Innate Abilities, Weirdness & Mutations

You have a pair of horns on your head.
You reflexively headbutt those who attack you in melee.


Message History

You barely miss the green ugly thing.
The green ugly thing is moderately wounded.
Your ogre barely misses the centaur warrior.
The centaur warrior shoots an arrow.
The arrow hits your ogre!!
The green ugly thing closely misses you.
You slash the green ugly thing!
The green ugly thing is heavily wounded.
The centaur warrior shoots an arrow.
The arrow hits your ogre!!
Your ogre dies!
Your ogre's corpse disappears in a puff of smoke!
You barely miss the green ugly thing.
The green ugly thing is heavily wounded.
The green ugly thing trunk-slaps you but does no damage.
The centaur warrior shoots an arrow.
The arrow hits you!
* * * LOW HITPOINT WARNING * * *
You slash the green ugly thing!
The green ugly thing is severely wounded.
You slice the green ugly thing!!
The green ugly thing is almost dead.
The centaur warrior shoots an arrow.
The arrow hits you.
* * * LOW HITPOINT WARNING * * *
The green ugly thing trunk-slaps you but does no damage.
You slash the green ugly thing!
You feel the power of Trog in you as your rage grows.
You kill the green ugly thing!
Trog accepts your kill.
The centaur warrior shoots an arrow.
You block the arrow.
Your Axes skill increases to level 15!
The centaur warrior shoots an arrow.
The arrow hits you!
* * * LOW HITPOINT WARNING * * *
You feel a strong urge to attack something.
The centaur warrior shoots an arrow.
You block the arrow.
You are no longer corroded.
You feel your anger nearly subside.
You are no longer berserk.
You are exhausted.
You feel yourself slow down.
There is an open door here.
A gnoll opens the door.
The centaur warrior shoots an arrow.
The arrow hits you!!
You die...

######.................[........#
#............#'##..........#
#.........####.8####.......#
#........##..').'..##.......
######........#..8#..#8..#......[
..............#c####### .#.......
..............#'#cgg.?(# #.......
..............#.####'###.#.......
#######.......#.@8#..#8..#.......
......#.....>.##.g'g.+..##.######
......#........####8.### ..
......#........... ##
..[...#........... .#
#######........... ...♣....#
.................. ......♣....##
................###+#........P...
................#......♣.........


You could see 2 centaur warriors and 2 gnolls.

Vanquished Creatures
  Fannar (D:11)
  Erica (D:9)
  A two-headed ogre (D:10)
  Pikel (D:8)
  An ugly thing (D:10)
  A cyclops (D:11)
  Maggie (D:6)
  A kobold demonologist (D:10)
  Prince Ribbit (D:5)
  13 yaks
  3 wraiths
  A human (D:8)
  A basilisk (D:10)
  Eustachio (D:4)
  4 wyverns
  2 steam dragons (D:8)
  An acid dragon (D:10)
  4 water moccasins
  Duvessa (D:4)
  An orc warrior (D:9)
  An ice beast (D:6)
  A sky beast (D:7)
  4 ogres
  4 centaurs
  2 lemures (D:8)
  A phantom (D:5)
  2 kobold brigands
  7 gnoll sergeants
  6 bullfrogs
  4 scorpions
  Dowan (D:4)
  16 killer bees
  5 howler monkeys
  A human zombie (D:8)
  7 orc priests
  2 centaur zombies (Ossuary)
  4 hounds
  5 orc wizards
  Ijyb (D:4)
  3 iguanas
  2 sleepcaps
  5 mummies (Ossuary)
  27 gnolls
  11 adders
  A river rat (D:3)
  4 shadow imps
  3 white imps
  2 worms
  The ghost of leafyfresh the Sneak, a weakling MiDe (D:4)
  2 dart slugs
  37 orcs
  15 endoplasms
  10 giant cockroaches
  2 goblins
  5 hobgoblins
  9 quokkas
  2 training dummies (D:4)
  14 ball pythons
  8 bats
  16 frilled lizards
  A goblin skeleton (D:7)
  4 goblin zombies
  2 hobgoblin zombies (D:7)
  14 kobolds
  A kobold zombie (Ossuary)
  An orc skeleton (D:7)
  3 orc zombies
  8 rats
328 creatures vanquished.

Notes
Turn   | Place    | Note
-------+----------+-------------------------------------------
     0 | D:1      | Wiggles the Minotaur Berserker began the quest for the Orb.
     0 | D:1      | Reached XP level 1. HP: 19/19 MP: 0/0
   652 | D:1      | Reached skill level 4 in Axes
   652 | D:1      | Reached XP level 2. HP: 27/27 MP: 1/1
   994 | D:2      | Reached XP level 3. HP: 33/33 MP: 2/2
  1455 | D:2      | Found a faded altar of an unknown god.
  1733 | D:3      | Reached ** piety under Trog
  2180 | D:3      | Reached XP level 4. HP: 40/40 MP: 3/3
  2263 | D:3      | Reached skill level 5 in Axes
  2269 | D:3      | Found a glowing drain.
  2280 | Sewer    | Entered a sewer
  2472 | Sewer    | Reached *** piety under Trog
  2480 | Sewer    | Reached XP level 5. HP: 28/47 MP: 4/4
  2754 | Sewer    | Reached skill level 6 in Axes
  2759 | Sewer    | Reached XP level 6. HP: 15/55 MP: 5/5
  3078 | D:4      | Noticed Eustachio
  3088 | D:4      | Killed Eustachio
  3089 | D:4      | Reached skill level 5 in Fighting
  3131 | D:4      | Noticed leafyfresh's ghost (weakling MiDe)
  3132 | D:4      | Found a transporter.
  3182 | D:4      | Noticed Duvessa
  3182 | D:4      | Noticed Dowan
  3188 | D:4      | Killed Dowan
  3189 | D:4      | Reached skill level 7 in Axes
  3189 | D:4      | Reached skill level 5 in Armour
  3189 | D:4      | Killed Duvessa
  3190 | D:4      | Reached XP level 7. HP: 61/61 MP: 6/6
  3279 | D:4      | Found a hide-covered altar of Uskayaw.
  3443 | D:4      | Found a staircase to the Ecumenical Temple.
  3579 | D:4      | Noticed Ijyb
  3592 | D:4      | Killed Ijyb
  3809 | D:4      | Found a burning altar of Makhleb.
  3810 | D:4      | Found a stormy altar of Qazlal.
  3883 | D:4      | Found a glowing silver altar of Zin.
  4459 | D:4      | Found a transporter.
  4477 | D:4      | Killed leafyfresh's ghost
  4478 | D:4      | Reached skill level 8 in Axes
  4614 | D:5      | Entered Level 5 of the Dungeon
  4652 | D:5      | Found a sand-covered staircase.
  4662 | Ossuary  | Entered an ossuary
  4731 | Ossuary  | Reached XP level 8. HP: 53/70 MP: 7/7
  4828 | Ossuary  | Reached **** piety under Trog
  4977 | D:5      | Reached skill level 9 in Axes
  5163 | D:5      | Reached skill level 10 in Axes
  5417 | D:5      | Found a bloodstained altar of Trog.
  5477 | D:5      | Noticed Prince Ribbit
  5491 | D:5      | Killed Prince Ribbit
  5696 | D:5      | Found Xetiress's Antique Armour Shoppe.
  5704 | D:5      | Bought a pair of gloves for 144 gold pieces
  5841 | D:5      | Reached XP level 9. HP: 21/78 MP: 8/8
  6111 | D:5      | Found Zyphizu's Tiny Tomes.
  6237 | D:6      | Found Vuihiat's Elemental Accessories.
  6264 | D:6      | Reached skill level 11 in Axes
  6562 | D:6      | Noticed Maggie
  6584 | D:6      | Killed Maggie
  6750 | D:6      | Found a sparkling altar of Nemelex Xobeh.
  7189 | D:7      | Reached skill level 12 in Axes
  7399 | D:7      | Found a sacrificial altar of Ru.
  7665 | D:7      | Found a glowing golden altar of the Shining One.
  7985 | D:8      | Noticed Pikel
  8168 | D:8      | Killed Pikel
  8169 | D:8      | Reached skill level 1 in Stealth
  8169 | D:8      | Reached skill level 1 in Shields
  8313 | D:8      | Found Kias's General Store.
  8347 | D:8      | Reached XP level 10. HP: 27/88 MP: 9/9
  8605 | D:8      | Reached skill level 13 in Axes
  8629 | D:8      | Reached ***** piety under Trog
  9108 | D:8      | Found a runed translucent door.
  9151 | D:8      | Found a basalt altar of Yredelemnul.
  9467 | D:8      | Found a shadowy altar of Dithmenos.
  9814 | D:9      | Received a gift from Trog
  9815 | D:9      | Reached skill level 5 in Shields
 10045 | D:9      | Noticed Erica
 10065 | D:9      | Killed Erica
 10220 | D:9      | Reached skill level 14 in Axes
 10264 | D:9      | Reached skill level 10 in Armour
 10277 | D:9      | Reached XP level 11. HP: 60/99 MP: 10/10
 10277 | D:9      | Found a staircase to the Orcish Mines.
 10509 | D:9      | Reached skill level 10 in Fighting
 10587 | D:9      | Found a broken altar of Ashenzari.
 10679 | D:9      | Identified the +0 leather armour of Zin's Felicitations
                  | {Rampage +Blink rF+}
 10799 | D:10     | Entered Level 10 of the Dungeon
 10803 | D:10     | Identified the +7 short sword "Minotaur's Foe" {distort,
                  | rC+ Str+3 Int+4}
 10890 | D:10     | Found a staircase to the Lair.
 11227 | D:10     | You fall into a shaft and drop 3 floors!
 11274 | D:11     | Noticed Fannar
 11289 | D:11     | Killed Fannar
 11630 | D:10     | Noticed a two-headed ogre
 11644 | D:10     | Killed a two-headed ogre
 11812 | D:10     | Noticed a sixfirhy
 12012 | D:10     | Noticed a centaur warrior
 12017 | D:10     | Noticed a green ugly thing
 12020 | D:10     | Noticed a centaur warrior
 12031 | D:10     | Killed a green ugly thing
 12032 | D:10     | Reached skill level 15 in Axes
 12038 | D:10     | Shot with an arrow by a centaur warrior

Illustrated notes

Levels and vault maps discovered:
D:1:      giann_wishing_wells, layout_basic, dk_noncrumbling_3, st_stairs_6
D:2:      layout_basic, shapermc_ecumenical_altar_rom_forum
D:3:      layout_basic, portal_sewer_entry_b, minmay_tree_intersection
D:4:      dreamdust_elfheim, layout_loops_ring, lemuel_doored_altar,
          mainiacjoe_overflow_paths, nicolae_overflow_squiral,
          minmay_temple_entry_stoned_glass, gammafunk_ghost_smash,
          serial_co_window_serial, co_window_cross_1, co_window_cross_1,
          co_window_paths_a, co_window_paths_a, co_window_corner_a,
          co_window_corner_b, co_window_2corner, co_window_corner_cb,
          co_window_corner_cb, co_window_corner_cb, co_window_corner_b,
          glass_columns_b, glass_columns_b, uniq_eustachio, uniq_ijyb
D:5:      layout_loops_ring, lemuel_round_altar, serial_shops, shop,
          chequers_ossuary_entry_cave, amcnicky_mini_pool_small,
          nicolae_shop_i_like_small_books_too, uniq_prince_ribbit1
D:6:      layout_cave_pools, general_overflow_altar, nicolae_elemental_shop,
          chequers_arboretum, eino_small_chamber_without_monster, uniq_duvessa,
          uniq_maggie
D:7:      layout_basic, nicolae_ru_great_annihilating_truth,
          nicolae_tso_besieged_by_evil
D:8:      layout_loops_ring, dk_yredelemnul_ordeal,
          mainiacjoe_overflow_alcove_1, serial_rivers,
          chequers_serial_rivers_micro_a, chequers_serial_rivers_room_a,
          chequers_serial_rivers_small_3, chequers_serial_rivers_small_a,
          serial_shops, nicolae_shop_stone, uniq_pikel
D:9:      layout_loops_cross, ashenzari_conservatory_becter, hiddenorc2_lemuel,
          uniq_erica
D:10:     minmay_chambers_of_sixes, layout_irregular_city,
          minmay_lair_entry_grove
D:11:     layout_gridville, uniq_snorg, uniq_fannar
D:12:     layout_roguey, uniq_erolcha
D:13:     layout_cave_pools

Skill      XL: |  1  2  3  4  5  6  7  8  9 10 11 |
---------------+----------------------------------+-----
Axes           | 4 5 6 7 8 10 12 14 15 | 15.0
Fighting       | 4 5 6 8 9 10 | 10.7
Armour         | 3 4 5 6 7 8 10 | 10.5
Dodging        | 3 |  3.4
Stealth        | 1 |  1.1
Shields        | 2 6 7 |  7.9

Action                     |  1- 3 |  4- 6 |  7- 9 | 10-12 || total
---------------------------+-------+-------+-------+-------++-------
  Melee: Hand axe          |    94 |   187 |   368 |   260 ||   909
         Headbutt          |     9 |    15 |    69 |    97 ||   190
         Punch             |       |       |     3 |       ||     3
         War axe           |       |       |       |   156 ||   156
 Invoke: Berserk           |       |     2 |     6 |     4 ||    12
         Brothers in Arms  |       |       |       |     2 ||     2
    Use: Scroll            |       |       |    12 |     6 ||    18
   Stab: Paralysed         |       |       |     1 |       ||     1
 Armour: Animal skin       |     2 |       |       |       ||     2
         Leather armour    |     5 |       |       |       ||     5
         Plate armour      |    46 |   148 |   200 |   141 ||   535
  Dodge: Dodged            |    40 |    83 |   119 |   116 ||   358
  Block: Kite shield       |       |       |    30 |   196 ||   226
